 Dungeon Sprint DCSS version 0.21.1-1-g345015f (webtiles) character file.

427 sankara the Magician (level 6, -15/53 HPs)
             Began as a Gnoll Skald on Apr 4, 2018.
             Was an Initiate of Ru.
             Demolished by Sonja
             ... wielding a +2 short sword of distortion
              (19 damage)
             ... in the Dungeon (Sprint I: "Red Sonja").
             The game lasted 00:04:49 (533 turns).

sankara the Magician (Gnoll Skald)                   Turns: 533, Time: 00:04:50

Health: -15/53     AC:  3    Str: 14    XL:     6   Next: 97%
Magic:  0/16       EV: 15    Int: 17    God:    Ru [......]
Gold:   17         SH:  0    Dex: 14    Spells: 8/19 levels left

rFire    . . .     SeeInvis .   a - +0 mace
rCold    . . .     Gourm    .   (no shield)
rNeg     . . .     Faith    .   b - +0 leather armour
rPois    .         Spirit   .   (no helmet)
rElec    .         Reflect  .   (no cloak)
rCorr    .         Harm     .   (no gloves)
MR       .....     NoTele   +   (no boots)
Stlth    +++.......             (no amulet)
HPRegen  1.17/turn              (no ring)
MPRegen  0.15/turn              (no ring)

@: lethally poisoned (-15 -> -15), infused, regenerating, slowed, very slow
A: distributed training, fangs 1, strong nose
a: Renounce Religion


You were in the Dungeon.
You worshipped Ru.
Ru was noncommittal.
You were not hungry.

You visited 1 branch You collected 297 gold pieces.
You spent 280 gold pieces at shops.

Inventory:

Hand Weapons
 a - a +0 mace (weapon)
Armour
 b - a +0 leather armour (worn)
Wands
 k - a wand of digging (11)
   (You took it off Ijyb in the Dungeon)
Scrolls
 j - a scroll of blinking {!r}
Potions
 e - a potion of curing
 f - a potion of heal wounds
 g - a potion of haste
 h - 2 potions of magic
 i - a potion of berserk rage {!q}
 l - a potion of brilliance {unknown}
 m - a potion of ambrosia {unknown}
 n - a potion of cancellation {unknown}
Books
 c - a book of Battle
 p - a book of Minor Magic
   (You bought it in a shop in the Dungeon)
Comestibles
 d - a ration
 o - 5 chunks of flesh {@w0}


   Skills:
 + Level 6.8 Fighting
 + Level 4.9 Short Blades
 + Level 4.9 Long Blades
 + Level 4.9 Axes
 + Level 6.8 Maces & Flails
 + Level 4.9 Polearms
 + Level 4.9 Staves
 + Level 4.9 Slings
 + Level 4.9 Bows
 + Level 4.9 Crossbows
 + Level 4.9 Throwing
 + Level 5.6 Armour
 + Level 6.8 Dodging
 + Level 4.9 Stealth
 + Level 4.9 Shields
 + Level 4.9 Unarmed Combat
 + Level 7.1 Spellcasting
 + Level 4.1 Conjurations
 + Level 4.1 Hexes
 + Level 6.9 Charms
 + Level 4.1 Summonings
 + Level 4.1 Necromancy
 + Level 4.1 Translocations
 + Level 4.1 Transmutations
 + Level 4.1 Fire Magic
 + Level 4.1 Ice Magic
 + Level 4.1 Air Magic
 + Level 4.1 Earth Magic
 + Level 4.1 Poison Magic
 + Level 5.4 Invocations
 + Level 4.9 Evocations


You had 8 spell levels left.
You knew the following spells:

 Your Spells              Type           Power        Failure   Level  Hunger
b - Blink                 Tloc           N/A          4%          2    None
d - Spectral Weapon       Hex/Chrm       ###.....     4%          3    ##.....
e - Regeneration          Chrm/Necr      ###.......   4%          3    ##.....
g - Shroud of Golubria    Chrm/Tloc      ###.......   2%          2    None
i - Infusion              Chrm           ####         1%          1    None


Dungeon Overview and Level Annotations

Branches:
Dungeon (1/1)

Altars:
Cheibriados
Dithmenos
Elyvilon
Fedhas
Gozag
Hepliaklqana
Kikubaaqudgha
Nemelex Xobeh
Okawaru
Qazlal
Ru
Sif Muna
Trog
Uskayaw
Vehumet
Wu Jian
Yredelemnul
Zin
The Shining One

Shops:
D :

Annotations:
D Sonja


Innate Abilities, Weirdness & Mutations

Your experience applies equally to all skills.
You have very sharp teeth.
Your uncanny sense of smell can sniff out nearby items.


Message History

There is an open door, spattered with blood here.
You see here a yak skeleton.
Found a sparkling altar of Nemelex Xobeh.
Your skin stops crawling.
There is an entrance to Ziell's Book Emporium here.
p - a book of Minor Magic Thank you for shopping at Ziell's Book Emporium!
Memorise Blink, consuming 2 spell levels and leaving 8?
You start memorising the spell.
You continue memorising. x2
Your spectral weapon fades away.
You finish memorising.
Spell assigned to 'e'.
Adjust (i)tems, (s)pells, or (a)bilities?
Adjust which spell? e - Blink Adjust to which letter? b - Blink; e - Shroud of Golubria Adjust (i)tems, (s)pells, or (a)bilities?
Adjust which spell? e - Shroud of Golubria Adjust to which letter? g - Shroud of Golubria Adjust (i)tems, (s)pells, or (a)bilities?
Adjust which spell? a - Infusion Adjust to which letter? i - Infusion Adjust (i)tems, (s)pells, or (a)bilities?
Adjust which spell? c - Regeneration Adjust to which letter? e - Regeneration Adjust (i)tems, (s)pells, or (a)bilities?
Adjust which spell?
Okay, then.
There is a sacrificial altar of Ru here.
You kneel at the altar of Ru.
Ru welcomes you!
There is an open door, spattered with blood here.
You see here a yak skeleton.
There is a radiant altar of Vehumet here.
As you open the door, it creaks loudly!
Marking area around Sonja as unsafe for travelling.
Sonja, the Graceful Assassin comes into view.
She is wielding a short sword of distortion.
Sonja shouts!
Casting: Regeneration
Confirm with . or Enter, or press ? or * to list all spells.
You draw out your weapon's spirit!
Sonja unwields an uncursed short sword of distortion.
Its appearance distorts for a moment.
Sonja wields an uncursed blowgun.
Sonja shoots a curare-tipped needle.
The curare-tipped needle closely misses you.
Sonja says, "If only old Madame Brzewit could see me now!"
Sonja shoots a curare-tipped needle.
The curare-tipped needle barely misses you.
Casting: Spectral Weapon
Confirm with . or Enter, or press ? or * to list all spells.
Your skin crawls.
Sonja gestures wildly while chanting.
Sonja blinks!
Sonja casts a spell.
Sonja blinks!
No target in view!
No target in view!
Sonja shoots a curare-tipped needle.
The curare-tipped needle misses you.
The curare-tipped needle closely misses your spectral weapon.
Sonja shoots a curare-tipped needle.
The curare-tipped needle barely misses you.
The curare-tipped needle hits your spectral weapon.
There is an ornate altar of the Wu Jian Council here.
Sonja shoots a curare-tipped needle.
The curare-tipped needle hits you.
You are poisoned.
You have difficulty breathing.
You feel yourself slow down.
You feel sick.
Sonja unwields an uncursed blowgun.
Sonja wields an uncursed short sword of distortion.
Its appearance distorts for a moment.
Sonja hits you with an uncursed short sword of distortion!
Your shroud falls apart!
Sonja hits you with an uncursed short sword of distortion.
Space bends around you. Sonja barely misses you.
Sonja shouts, "Too slow!"
Sonja mumbles some strange words.
Sonja blinks!
You feel sick.
Sonja unwields an uncursed short sword of distortion.
Its appearance distorts for a moment.
Sonja wields an uncursed blowgun.
Sonja shoots a curare-tipped needle.
The curare-tipped needle barely misses you.
There is an open door here.
You see here a curare-tipped needle.
You hit Sonja.
Sonja is lightly wounded.
You feel sick.
Sonja unwields an uncursed blowgun.
Sonja wields an uncursed short sword of distortion.
Its appearance distorts for a moment.
Sonja misses you. Sonja barely misses you.
Sonja hits you with an uncursed short sword of distortion.
Space warps horribly around you!
* * * LOW HITPOINT WARNING * * *
Sonja hits you but does no damage. Space warps horribly around you!
You die...

################
#<.#..').#..'..#
∆∆
#..'[.#..').#.K+
∆∆
#..#####'#####@#
#..####..#(..#(#
∆∆
#..#__####..##.#
#..#_____##'#_.+
#⌠⌠#_.∩...÷..(_#
####_..__##_.#+#
∆∆#_____###'#∆
∆∆∆∆ ####### #.#
∆ $.$ ∆∆ ∆∆ ∆


You could see Sonja and a friendly spectral mace.

Vanquished Creatures
  Sigmund (D)
  A yak (D)
  An ogre (D)
  A jelly (D)
  Ijyb (D)
5 creatures vanquished.

Notes
Turn   | Place    | Note
-------+----------+-------------------------------------------
     0 | D        | sankara the Gnoll Skald began the quest for the Orb.
     0 | D        | Reached XP level 1. HP: 20/20 MP: 6/6
     2 | D        | Noticed Ijyb
    13 | D        | Killed Ijyb
    13 | D        | Reached skill level 1 in Short Blades
    13 | D        | Reached skill level 1 in Long Blades
    13 | D        | Reached skill level 1 in Axes
    13 | D        | Reached skill level 1 in Polearms
    13 | D        | Reached skill level 1 in Staves
    13 | D        | Reached skill level 1 in Slings
    13 | D        | Reached skill level 1 in Bows
    13 | D        | Reached skill level 1 in Crossbows
    13 | D        | Reached skill level 1 in Throwing
    13 | D        | Reached skill level 3 in Armour
    13 | D        | Reached skill level 1 in Stealth
    13 | D        | Reached skill level 1 in Shields
    13 | D        | Reached skill level 1 in Unarmed Combat
    13 | D        | Reached skill level 5 in Spellcasting
    13 | D        | Reached skill level 1 in Conjurations
    13 | D        | Reached skill level 1 in Hexes
    13 | D        | Reached skill level 1 in Summonings
    13 | D        | Reached skill level 1 in Necromancy
    13 | D        | Reached skill level 1 in Translocations
    13 | D        | Reached skill level 1 in Transmutations
    13 | D        | Reached skill level 1 in Fire Magic
    13 | D        | Reached skill level 1 in Ice Magic
    13 | D        | Reached skill level 1 in Air Magic
    13 | D        | Reached skill level 1 in Earth Magic
    13 | D        | Reached skill level 1 in Poison Magic
    13 | D        | Reached skill level 1 in Invocations
    13 | D        | Reached skill level 1 in Evocations
    13 | D        | Reached XP level 2. HP: 18/26 MP: 5/8
    13 | D        | Reached XP level 3. HP: 22/32 MP: 5/9
   115 | D        | Learned a level 2 spell: Shroud of Golubria
   119 | D        | Learned a level 3 spell: Regeneration
   123 | D        | Learned a level 3 spell: Spectral Weapon
   126 | D        | Noticed an ogre
   135 | D        | Killed an ogre
   135 | D        | Reached skill level 5 in Fighting
   135 | D        | Reached skill level 2 in Short Blades
   135 | D        | Reached skill level 2 in Long Blades
   135 | D        | Reached skill level 2 in Axes
   135 | D        | Reached skill level 5 in Maces & Flails
   135 | D        | Reached skill level 2 in Polearms
   135 | D        | Reached skill level 2 in Staves
   135 | D        | Reached skill level 2 in Slings
   135 | D        | Reached skill level 2 in Bows
   135 | D        | Reached skill level 2 in Crossbows
   135 | D        | Reached skill level 2 in Throwing
   135 | D        | Reached skill level 4 in Armour
   135 | D        | Reached skill level 5 in Dodging
   135 | D        | Reached skill level 2 in Stealth
   135 | D        | Reached skill level 2 in Shields
   135 | D        | Reached skill level 2 in Unarmed Combat
   135 | D        | Reached skill level 2 in Conjurations
   135 | D        | Reached skill level 2 in Hexes
   135 | D        | Reached skill level 6 in Charms
   135 | D        | Reached skill level 2 in Summonings
   135 | D        | Reached skill level 2 in Necromancy
   135 | D        | Reached skill level 2 in Translocations
   135 | D        | Reached skill level 2 in Transmutations
   135 | D        | Reached skill level 2 in Fire Magic
   135 | D        | Reached skill level 2 in Ice Magic
   135 | D        | Reached skill level 2 in Air Magic
   135 | D        | Reached skill level 2 in Earth Magic
   135 | D        | Reached skill level 2 in Poison Magic
   135 | D        | Reached skill level 3 in Invocations
   135 | D        | Reached skill level 2 in Evocations
   135 | D        | Reached XP level 4. HP: 39/39 MP: 2/11
   210 | D        | Noticed Sigmund
   220 | D        | Killed Sigmund
   220 | D        | Reached skill level 6 in Fighting
   220 | D        | Reached skill level 4 in Short Blades
   220 | D        | Reached skill level 4 in Long Blades
   220 | D        | Reached skill level 4 in Axes
   220 | D        | Reached skill level 6 in Maces & Flails
   220 | D        | Reached skill level 4 in Polearms
   220 | D        | Reached skill level 4 in Staves
   220 | D        | Reached skill level 4 in Slings
   220 | D        | Reached skill level 4 in Bows
   220 | D        | Reached skill level 4 in Crossbows
   220 | D        | Reached skill level 4 in Throwing
   220 | D        | Reached skill level 6 in Dodging
   220 | D        | Reached skill level 4 in Stealth
   220 | D        | Reached skill level 4 in Shields
   220 | D        | Reached skill level 4 in Unarmed Combat
   220 | D        | Reached skill level 6 in Spellcasting
   220 | D        | Reached skill level 3 in Conjurations
   220 | D        | Reached skill level 3 in Hexes
   220 | D        | Reached skill level 3 in Summonings
   220 | D        | Reached skill level 3 in Necromancy
   220 | D        | Reached skill level 3 in Translocations
   220 | D        | Reached skill level 3 in Transmutations
   220 | D        | Reached skill level 3 in Fire Magic
   220 | D        | Reached skill level 3 in Ice Magic
   220 | D        | Reached skill level 3 in Air Magic
   220 | D        | Reached skill level 3 in Earth Magic
   220 | D        | Reached skill level 3 in Poison Magic
   220 | D        | Reached skill level 4 in Invocations
   220 | D        | Reached skill level 4 in Evocations
   220 | D        | Reached XP level 5. HP: 18/46 MP: 4/14
   220 | D        | Reached XP level 6. HP: 21/52 MP: 4/15
   413 | D        | Found an ornate altar of the Wu Jian Council.
   413 | D        | Found a deep blue altar of Sif Muna.
   415 | D        | Found a radiant altar of Vehumet.
   425 | D        | Reached skill level 5 in Armour
   501 | D        | Found Ziell's Book Emporium.
   501 | D        | Found an ancient bone altar of Kikubaaqudgha.
   501 | D        | Found a hazy altar of Hepliaklqana.
   501 | D        | Found a stormy altar of Qazlal.
   501 | D        | Found a hide-covered altar of Uskayaw.
   501 | D        | Found a blossoming altar of Fedhas.
   501 | D        | Found a bloodstained altar of Trog.
   501 | D        | Found an iron altar of Okawaru.
   501 | D        | Found a basalt altar of Yredelemnul.
   501 | D        | Found a glowing golden altar of the Shining One.
   501 | D        | Found a snail-covered altar of Cheibriados.
   501 | D        | Found a sacrificial altar of Ru.
   501 | D        | Found a glowing silver altar of Zin.
   501 | D        | Found a shadowy altar of Dithmenos.
   501 | D        | Found a white marble altar of Elyvilon.
   501 | D        | Noticed a yak
   505 | D        | Killed a yak
   505 | D        | Reached skill level 7 in Spellcasting
   505 | D        | Reached skill level 4 in Conjurations
   505 | D        | Reached skill level 4 in Hexes
   505 | D        | Reached skill level 4 in Summonings
   505 | D        | Reached skill level 4 in Necromancy
   505 | D        | Reached skill level 4 in Translocations
   505 | D        | Reached skill level 4 in Transmutations
   505 | D        | Reached skill level 4 in Fire Magic
   505 | D        | Reached skill level 4 in Ice Magic
   505 | D        | Reached skill level 4 in Air Magic
   505 | D        | Reached skill level 4 in Earth Magic
   505 | D        | Reached skill level 4 in Poison Magic
   505 | D        | Reached skill level 5 in Invocations
   506 | D        | Found an opulent altar of Gozag.
   509 | D        | Found a sparkling altar of Nemelex Xobeh.
   513 | D        | Bought a book of Minor Magic for 280 gold pieces
   516 | D        | Learned a level 2 spell: Blink
   518 | D        | Became a worshipper of Ru the Awakened
   525 | D        | Noticed Sonja
   533 | D        | HP: 4/53 [Sonja/uncursed short sword of distortion (16)]
   533 | D        | Demolished by Sonja

Skill      XL: |  1  2  3  4  5  6 |
---------------+-------------------+-----
Short Blades   | 1 2 4 |  4.9
Long Blades    | 1 2 4 |  4.9
Axes           | 1 2 4 |  4.9
Polearms       | 1 2 4 |  4.9
Staves         | 1 2 4 |  4.9
Slings         | 1 2 4 |  4.9
Bows           | 1 2 4 |  4.9
Crossbows      | 1 2 4 |  4.9
Throwing       | 1 2 4 |  4.9
Armour         | 3 4 5 |  5.6
Stealth        | 1 2 4 |  4.9
Shields        | 1 2 4 |  4.9
Unarmed Combat | 1 2 4 |  4.9
Spellcasting   | 5 6 7 |  7.1
Conjurations   | 1 2 3 4 |  4.1
Hexes          | 1 2 3 4 |  4.1
Summonings     | 1 2 3 4 |  4.1
Necromancy     | 1 2 3 4 |  4.1
Translocations | 1 2 3 4 |  4.1
Transmutations | 1 2 3 4 |  4.1
Fire Magic     | 1 2 3 4 |  4.1
Ice Magic      | 1 2 3 4 |  4.1
Air Magic      | 1 2 3 4 |  4.1
Earth Magic    | 1 2 3 4 |  4.1
Poison Magic   | 1 2 3 4 |  4.1
Invocations    | 1 3 4 5 |  5.4
Evocations     | 1 2 4 |  4.9
Fighting       | 5 6 |  6.8
Maces & Flails | 5 6 |  6.8
Dodging        | 5 6 |  6.8
Charms         | 6 |  6.9

Action                   |  1- 3 |  4- 6 || total
-------------------------+-------+-------++-------
Melee: Mace              |    17 |    15 ||    32
       Bite              |     2 |     3 ||     5
       Punch             |       |     1 ||     1
 Cast: Infusion          |     1 |     2 ||     3
       Regeneration      |     1 |     4 ||     5
       Spectral Weapon   |     1 |     4 ||     5
       Shroud of Golubri |     1 |     3 ||     4
 Stab: Distracted        |       |     1 ||     1
Armor: Leather armour    |     1 |     1 ||     2
Dodge: Dodged            |    13 |    12 ||    25

Vault maps used:
D:        dungeon_sprint_1

Table legend:
 A = Turns spent in this place as a percentage of turns spent in the entire game.
 B = Non-inter-level travel turns spent in this place as a percentage of non-inter-level travel turns spent in the entire game.
 C = Inter-level travel turns spent in this place as a percentage of turns spent in this place.
 D = Turns resting spent in this place as a percentage of non-inter-level travel turns spent in this place.
 E = Turns spent auto-exploring this place as a percentage of non-inter-level travel turns spent in this place.
 F = Non-inter-level travel turns spent in this place divided by the number of levels of this place that you've seen.
                   A       B       C       D       E      F
               +-------+-------+-------+-------+-------+----------------------
         Total | 100.0 | 100.0 |   0.0 |  71.9 |   1.1 | 533.0
       Dungeon | 100.0 | 100.0 |   0.0 |  71.9 |   1.1 | 533.0
               +-------+-------+-------+-------+-------+----------------------

Table legend:
 A = Kills in this place as a percentage of kills in entire the game.
 B = Kills by you in this place as a percentage of kills by you in the entire game.
 C = Kills by friends in this place as a percentage of kills by friends in the entire game.
 D = Other kills in this place as a percentage of other kills in the entire game.
 E = Experience gained in this place as a percentage of experience gained in the entire game.
 F = Experience gained in this place divided by the number of levels of this place that you have seen.
                   A       B       C       D       E      F
               +-------+-------+-------+-------+-------+----------------------
         Total | 100.0 | 100.0 |   N/A |   N/A | 100.0 | 610.0
       Dungeon | 100.0 | 100.0 |   N/A |   N/A | 100.0 | 610.0
               +-------+-------+-------+-------+-------+----------------------
